 Dungeon Crawl Stone Soup version 0.18-a0-1800-gdc7a371 (webtiles) character file.

170 Demise101 the Skirmisher (level 5, 0/76 HPs)
             Began as a Minotaur Necromancer on Apr 24, 2016.
             Was an Initiate of Ru.
             Succumbed to Duvessa's poison
             ... on level 3 of the Dungeon.
             The game lasted 00:03:51 (3112 turns).

Demise101 the Skirmisher (Minotaur Necromancer)     Turns: 3112, Time: 00:03:52

Health: 0/76       AC: 22    Str: 12 (14) XL:     5   Next: 25%
Magic:  6/6        EV:  2    Int: 11 (12) God:    Ru [......]
Gold:   106        SH:  0    Dex:  9 (10) Spells: 1 memorised, 5 levels left

rFire  . . .     SeeInvis .     a - +0 dagger (drain)
rCold  . . .     Gourm    .     (armour currently unavailable)
rNeg   + + +     Faith    .     (no shield)
rPois  +         Spirit   .     (helmet currently unavailable)
rElec  .         Dismiss  .     (cloak currently unavailable)
rCorr  .         Reflect  .     (gloves currently unavailable)
SustAt .         Harm     .     (boots currently unavailable)
MR     .....     NoTele   +     (no amulet)
Stlth  ++........               (no ring)
                                (no ring)

@: lethally poisoned (0 -> -29), tree-form, not resistant to hostile
enchantments, unstealthy
A: (retaliatory headbutt), (beak), (horns 0), blurry vision 1, robust 1
a: Renounce Religion


You were on level 3 of the Dungeon.
You worshipped Ru.
Ru was noncommittal.
You were not hungry.
You were a tree.
You visited 1 branch of the dungeon, and saw 4 of its levels.

You collected 106 gold pieces.

Inventory:

Hand Weapons
 a - a +0 dagger of draining (weapon)
 f - a +0 dagger
 h - a +0 mace
Armour
 e - a cursed +0 plate armour (melded)
 l - a +0 cloak (melded)
 q - a +0 pair of boots (melded)
Scrolls
 i - a scroll of identify
 j - 3 scrolls of immolation
 m - 2 scrolls of teleportation {unknown}
 r - a scroll of fear {unknown}
Potions
 g - 2 potions of lignification
Books
 b - a book of Necromancy

   Spells                             Type                      Level
   a - Pain                           Necromancy                   1
   b - Animate Skeleton               Necromancy                   1
   c - Vampiric Draining              Necromancy                   3
   d - Regeneration                   Charms/Necromancy            3
   e - Animate Dead                   Necromancy                   4
   f - Control Undead                 Necromancy                   4
Comestibles
 c - 4 bread rations
 d - 2 chunks of flesh
 o - a slice of pizza


   Skills:
 + Level 4.4 Fighting
 * Level 3.3 Short Blades
 - Level 0.2 Maces & Flails
 - Level 2.1 Dodging
 - Level 1.5 Stealth
 - Level 1.4 Spellcasting
 - Level 3.0 Necromancy


You had 5 spell levels left.
You knew the following spells:

 Your Spells              Type           Power        Failure   Level  Hunger
a - Pain                  Necr           #...         12%         1    ##.....


Dungeon Overview and Level Annotations

Branches:
Dungeon (4/15)
 Temple: D:4-7

Altars:
Elyvilon
Pakellas
Ru
Sif Muna
Zin

Shops:
D:3 }

Annotations:
D:3 Dowan, Duvessa


Innate Abilities, Weirdness & Mutations

((You reflexively headbutt those who attack you in melee.))
((You have a pair of horns on your head.))
((You have a beak for a mouth.))
Scrolls take you a little longer to read.
You are robust (+10% HP).


Message History

Okay, then.
Read which item? (? for menu, Esc to quit)
Really read with blurry vision while enemies are nearby?
* * * LOW HITPOINT WARNING * * *
You feel sick. Duvessa hits you but does no damage.
You begin reading the scroll.
You continue reading the scroll.
* * * LOW HITPOINT WARNING * * *
You feel sick. The orc hits you but does no damage.
The orc completely misses you. Dowan hits you but does no damage.
Duvessa hits you but does no damage.
You are more poisoned.
As you read the scroll labeled IMOFUO UDANNI, it crumbles to dust.
It is a scroll of amnesia.
Forget which spell ([?*] list [ESC] exit)?
Forget which spell ([?*] list [ESC] exit)?
Okay, then.
Unknown command.
You hit Duvessa but do no damage. You drain Duvessa!
Duvessa is moderately wounded.
You die...

#..........#.....#........#......
#......#####.....#...............
#......########..#...............
..........# #....#...............
..........# #...........#'#######
.#........# #......#.#.........#
.#..).....###......#.#.........#
........†...#...eo.............#
............#...♣o.............#
............#...e..............#
...####.....#####..............#
...####.....#####..............#
...+................>..........#
...####.....#####(....##########
...# #.....# ####### #### #.....#
#######


You could see Duvessa, Dowan and 2 orcs.

Vanquished Creatures
  A worker ant (D:4)
  4 gnolls
  2 adders
  4 worms
  4 giant geckos
  4 orcs (D:3)
  6 bats
  6 giant cockroaches
  8 hobgoblins
  2 jackals (D:1)
  6 kobolds
  A quokka (D:2)
  3 giant newts
  9 goblins
  12 rats
72 creatures vanquished.

Notes
Turn   | Place    | Note
--------------------------------------------------------------
     0 | D:1      | Demise101 the Minotaur Necromancer began the quest for the Orb.
     0 | D:1      | Reached XP level 1. HP: 14/14 MP: 1/1
   211 | D:1      | Reached skill level 1 in Fighting
   420 | D:1      | Reached XP level 2. HP: 24/24 MP: 3/3
   432 | D:1      | Reached skill level 2 in Fighting
   833 | D:1      | Reached skill level 3 in Fighting
   916 | D:1      | Reached XP level 3. HP: 31/31 MP: 4/4
  1219 | D:2      | Reached skill level 1 in Short Blades
  1304 | D:1      | Reached XP level 4. HP: 13/39 MP: 5/5
  1571 | D:2      | Found a white marble altar of Elyvilon.
  1803 | D:2      | Found a sacrificial altar of Ru.
  1803 | D:2      | Found a glowing silver altar of Zin.
  1864 | D:2      | Became a worshipper of Ru the Awakened
  2384 | D:3      | Found a faded altar to an unknown god.
  2467 | D:3      | Reached skill level 4 in Fighting
  2723 | D:3      | Found a deep blue altar of Sif Muna.
  2803 | D:3      | Reached XP level 5. HP: 46/46 MP: 6/6
  2933 | D:3      | Found an oddly glowing altar of Pakellas.
  2933 | D:3      | Found Pakellas's Prime Provisions.
  2989 | D:4      | Noticed Dowan
  2991 | D:4      | Noticed Duvessa
  3109 | D:3      | Gained mutation: You are robust (+10% HP). [potion of mutation]
  3109 | D:3      | Gained mutation: You have a beak for a mouth. [potion of mutation]
  3109 | D:3      | Gained mutation: Scrolls take you a little longer to read. [potion of mutation]
  3111 | D:3      | HP: 2/76 [poisoned by Duvessa]
  3112 | D:3      | Succumbed to Duvessa's poison

Vault maps used:
D:1:      tarquinn_simple_flora_water_c
D:2:      overflow_temple_1_default, gammafunk_temple_overflow_elements
D:3:      nicolae_overflow_hidden_temple, ecumenical_altar_1,
          johnstein_pakellas_shop
D:4:      forest_paths, first_bread, cheibrodos_gnoll_hut, uniq_edmund,
          uniq_duvessa, uniq_pikel, uniq_blork_the_orc

Skill      XL: |  1  2  3  4 |
---------------+-------------+-----
Necromancy     | 3 |  3.0
Fighting       | 1 3 4 |  4.4
Short Blades   | 1 3 |  3.3
Maces & Flails | |  0.2
Dodging        | |  2.1
Stealth        | |  1.5
Spellcasting   | |  1.4

Action                   |  1- 3 |  4- 6 || total
-------------------------+-------+-------++-------
Melee: Unarmed           |    46 |       ||    46
       Headbutt          |    17 |    18 ||    35
       Mace              |    46 |       ||    46
       Dagger            |    75 |   143 ||   218
 Cast: Pain              |     1 |       ||     1
Invok: Reject Sacrifices |       |     1 ||     1
  Use: Scroll            |       |     4 ||     4
       Potion            |       |     4 ||     4
  Eat: Chunk             |     1 |     6 ||     7
Armor: Plate armour      |   161 |    99 ||   260
       Skin              |       |    26 ||    26
Dodge: Dodged            |    28 |    25 ||    53
